 Dungeon Crawl Stone Soup version 0.27-a0-1191-g601b473118 (webtiles) character file.

Game seed: 3299511170075711269

22404 Wyvernaa the Basher (level 12, -10/92 HPs)
             Began as a Demonspawn Gladiator on May 23, 2021.
             Was the Champion of Okawaru.
             Engulfed by a cloud of flame (25 damage)
             ... in a volcano on May 24, 2021.
             The game lasted 00:36:27 (10562 turns).

Wyvernaa the Basher (Demonspawn Gladiator)         Turns: 10562, Time: 00:36:28

Health: -10/92     AC: 16    Str: 28    XL:     12   Next: 62%
Magic:  16/16      EV: 12    Int: 12    God:    Okawaru [******]
Gold:   858        SH: 13    Dex: 16    Spells: 11/11 levels left

rFire    . . .     SeeInvis .   e - +5 flail (drain)
rCold    . . .     Faith    .   z - +2 kite shield
rNeg     . . .     Spirit   .   t - +0 swamp dragon scales
rPois    +         Reflect  .   k - +1 helmet
rElec    .         Harm     .   b - +0 cloak
rCorr    .         Rampage  .   (no gloves)
Will     .....                  (no boots)
Stlth    ++........             f - amulet of regeneration
HPRegen  1.25/turn              j - +6 ring of strength
MPRegen  0.15/turn              C - +6 ring of strength

@: no status effects
A: claws 2, slimy green scales 3, spiny 2
a: Renounce Religion, Heroism, Finesse


You were in a volcano.
You worshipped Okawaru.
Okawaru was exalted by your worship.
You visited 3 branches of the dungeon, and saw 15 of its levels.
You also visited: Volcano.

You collected 858 gold pieces.

Inventory:

Hand Weapons
 e - a +5 flail of draining (weapon)
 u - a +2 flail of venom
Missiles
 d - 5 throwing nets (quivered)
 G - 2 curare-tipped darts
Armour
 b - a +0 cloak (worn)
 k - a +1 helmet (worn)
 q - a +0 plate armour
 t - +0 swamp dragon scales (worn)
 z - a +2 kite shield (worn)
Jewellery
 f - an amulet of regeneration (around neck)
 j - a +6 ring of strength (left claw)
 y - a ring of wizardry
 C - a +6 ring of strength (right claw)
Wands
 c - a wand of paralysis (42)
 n - a wand of iceblast (16)
 o - a wand of mindburst (7)
 A - a wand of flame (45)
 H - a wand of polymorph (4)
 J - a wand of charming (8)
Scrolls
 a - a scroll of silence
 i - 5 scrolls of vulnerability
 m - 2 scrolls of magic mapping
 r - 3 scrolls of fear
 s - 4 scrolls of teleportation
 v - 2 scrolls of fog
 x - 3 scrolls of blinking
 D - a scroll of enchant armour {unknown}
Potions
 g - 2 potions of magic
 h - 7 potions of brilliance
 l - 2 potions of mutation
 p - a potion of lignification
 w - a potion of flight
 B - a potion of cancellation
 I - 2 potions of curing
 L - a potion of berserk rage {unknown}


   Skills:
 + Level 7.7 Fighting
 * Level 13.7 Maces & Flails
 - Level 1.9 Throwing
 * Level 7.0 Armour
 + Level 6.3 Dodging
 + Level 4.5 Stealth
 * Level 4.7 Shields
 * Level 6.0 Invocations
 + Level 0.5 Evocations


You had 11 spell levels left.
You didn't know any spells.
Your spell library contained the following spells:

 Spells                   Type           Power      Damage    Failure   Level
 Sandblast                Erth           0%         2d4       87%         1
 Passwall                 Tmut/Erth      0%         N/A       95%         2
 Poisonous Vapours        Pois/Air       0%         N/A       95%         2
 Conjure Flame            Conj/Fire      0%         6-21      99%         3
 Mephitic Cloud           Conj/Pois/Air  0%         N/A       99%         3
 Stone Arrow              Conj/Erth      0%         3d7       99%         3
 Petrify                  Tmut/Erth      0%         N/A       100%        4
 Lee's Rapid Deconstruct  Erth           0%         3d5*      100%        5
 Freezing Cloud           Conj/Ice/Air   0%         6-21      100%        6


Dungeon Overview and Level Annotations

Branches:
Dungeon (13/15)            Temple (1/1) D:7            Lair (1/6) D:9
    Orc (0/2) D:12        Volcano (1/1)
 Vaults: D:13-14

Altars:
Ashenzari
Cheibriados
Dithmenos
Elyvilon
Fedhas
Gozag
Hepliaklqana
Kikubaaqudgha
Makhleb
Nemelex Xobeh
Okawaru
Qazlal
Sif Muna
Trog
Uskayaw
Vehumet
Wu Jian
Xom
Yredelemnul
Zin
The Shining One

Shops:
D:6 (


Innate Abilities, Weirdness & Mutations

You have very sharp fingernails.
You are completely covered in slimy green scales. (AC +4, rPois)
You are mostly covered in sharp spines.


Message History

A two-headed ogre is wielding a +1 great mace of flaming and a +0 great mace of flaming.
A two-headed ogre is wielding a +0 great mace of flaming and a +1 great mace of flaming.
The centaur is wielding a +2 shortbow of flaming.
The two-headed ogre shouts in stereo! x2; The hell hound barks!
Found a chain mail of fire resistance and 2 potions of resistance.
The hell hound is struck by your spines.
The hell hound bites you but does no damage.
You hit the hell hound but do no damage.
The hell hound is moderately wounded.
You block the hell hound's attack.
You sock the hell hound!
The hell hound is severely wounded.
The hell hound breathes flames at you. The blast of flame hits you!
You block the hell hound's attack.
Unknown command.
You hit the hell hound.
The hell hound is almost dead.
The hell hound is struck by your spines.
You kill the hell hound!
Okawaru accepts your kill. Something appears at your feet!
You see here a +1 pair of boots of rampaging.
Okawaru grants you armour!
The salamander is struck by your spines.
The salamander hits you with a +0 glaive!
You are engulfed in flames!
Your Invocations skill increases to level 6!
The air gets thick with the scent of sulphur.
The salamander hits you from afar with a +0 glaive.
You are engulfed in flames!
Press: ? - help, v - describe, . - travel, g - get item Item here: a +1 pair of boots of rampaging.
The floor, spattered with blood.
In the distance, the volcano erupts with a roar.
You are engulfed in blazing flames.
* * * LOW HITPOINT WARNING * * *
You are engulfed in blazing flames.
* * * LOW HITPOINT WARNING * * *
The fire bat bites you but does no damage.
The two-headed ogre is engulfed in blazing flames.
You are engulfed in blazing flames.
You die...

≈≈≈ #..!.#.≈≈≈≈≈≈≈
≈≈§. #..O.'.°≈§≈≈≈≈
≈≈§§.#!.c[#[○°≈≈≈≈≈
§≈§○°##..##O°≈≈≈≈≈≈
§≈≈○°○####○N°≈≈≈≈≈≈
§≈.°°..○°○b○≈°≈≈≈≈≈
§≈≈○○.☼○○°°°°°≈≈≈≈≈
§≈§≈######○#°≈≈≈≈≈≈
§ ##..@##≈≈≈≈≈≈≈
#.#### ≈≈≈≈≈≈≈
##∩∩# ≈≈≈≈≈≈≈ ####
≈≈≈≈≈≈≈ ≈≈≈≈≈≈≈
≈≈≈≈≈≈≈


You could see a salamander, a two-headed ogre and a fire bat.

Vanquished Creatures
  Jorgrun (D:12)
  3 two-headed ogres
  Sonja (D:10)
  A deep elf pyromancer (D:12)
  An orc knight (D:13)
  3 cyclopes
  4 elephants (D:8)
  4 slime creatures (D:12)
  A gargoyle (D:13)
  Maggie (D:7)
  A kobold demonologist (D:10)
  A komodo dragon (D:10)
  3 trolls
  A hornet (D:8)
  Grinder (D:4)
  7 dream sheep (Lair:1)
  A meliai zombie (D:10)
  A wraith (D:11)
  Sigmund (D:2)
  2 shadows
  A wyvern (D:9)
  Eustachio (D:4)
  A basilisk (Lair:1)
  7 yaks
  A steam dragon (D:8)
  8 vampire mosquitoes
  2 wargs (D:9)
  Duvessa (D:4)
  3 water moccasins
  A hell hound (Volcano)
  An ice beast (D:7)
  2 sky beasts
  7 orc warriors
  2 necrophages
  2 ogres
  2 centaurs
  4 phantoms
  3 kobold brigands
  A gnoll sergeant (D:10)
  4 bullfrogs
  3 scorpions
  Dowan (D:4)
  2 troll zombies (D:12)
  11 killer bees
  6 wights
  11 howler monkeys
  7 centaur zombies
  A gnoll shaman (D:8)
  A hound (D:4)
  6 orc priests
  A human zombie (D:7)
  2 jellies
  Natasha (twice) (D:4)
  Terence (D:2)
  4 iguanas
  16 orc wizards
  A scorpion zombie (D:5)
  A killer bee zombie (D:7)
  6 ogre zombies (D:12)
  2 hound skeletons (D:4)
  3 mummies
  Robin (D:2)
  26 gnolls
  3 howler monkey zombies
  5 adders
  2 shadow imps (D:6)
  2 white imps
  An ufetubus (D:6)
  An adder skeleton (D:4)
  3 worms
  2 dart slugs (D:1)
  60 orcs
  8 endoplasms
  6 giant cockroaches
  17 goblins
  9 hobgoblins
  14 jackals
  7 kobolds
  6 quokkas
  6 ball pythons
  4 bats
  A frilled lizard (D:2)
  4 goblin zombies (D:12)
  2 hobgoblin skeletons (D:12)
  4 hobgoblin zombies (D:12)
  15 orc zombies (D:12)
  4 rats
394 creatures vanquished.

Vanquished Creatures (others)
  2 fungi (Lair:1)
  32 plants (D:8)
34 creatures vanquished.

Grand Total: 428 creatures vanquished

Notes
Turn   | Place    | Note
-------+----------+-------------------------------------------
     0 | D:1      | Wyvernaa the Demonspawn Gladiator began the quest for the
                  | Orb.
     0 | D:1      | Reached XP level 1. HP: 16/16 MP: 1/1
   115 | D:1      | Gained mutation: You are partially covered in slimy green
                  | scales. (AC +2) [demonic ancestry]
   115 | D:1      | Reached XP level 2. HP: 22/22 MP: 2/2
   123 | D:1      | Reached skill level 3 in Maces & Flails
   213 | D:1      | Found a faded altar of an unknown god.
   367 | D:1      | Gained mutation: You are mostly covered in slimy green
                  | scales. (AC +3) [demonic ancestry]
   367 | D:1      | Reached XP level 3. HP: 27/27 MP: 3/3
   605 | D:2      | Noticed Sigmund
   794 | D:2      | Noticed a scorpion
   815 | D:2      | Gained mutation: You are partially covered in sharp spines.
                  | [demonic ancestry]
   815 | D:2      | Reached XP level 4. HP: 34/34 MP: 4/4
   819 | D:2      | Killed a scorpion
   820 | D:2      | Reached skill level 4 in Maces & Flails
   820 | D:2      | Reached skill level 1 in Armour
   864 | D:2      | Noticed Robin
   870 | D:2      | Killed Robin
   871 | D:2      | Reached XP level 5. HP: 36/39 MP: 5/5
   985 | D:2      | Noticed Terence
   999 | D:2      | Killed Terence
  1220 | D:2      | Killed Sigmund
  1221 | D:2      | Reached skill level 5 in Maces & Flails
  1221 | D:2      | Gained mutation: You are mostly covered in sharp spines.
                  | [demonic ancestry]
  1221 | D:2      | Reached XP level 6. HP: 31/46 MP: 6/6
  1554 | D:3      | Found an opulent altar of Gozag.
  1606 | D:3      | Found a snail-covered altar of Cheibriados.
  2106 | D:4      | Noticed Grinder
  2112 | D:4      | Paralysed by Grinder for 5 turns
  2119 | D:4      | Killed Grinder
  2120 | D:4      | Reached skill level 6 in Maces & Flails
  2120 | D:4      | Reached skill level 1 in Stealth
  2120 | D:4      | Reached XP level 7. HP: 39/52 MP: 7/7
  2270 | D:4      | Reached skill level 7 in Maces & Flails
  2297 | D:4      | Noticed Eustachio
  2319 | D:4      | Killed Eustachio
  2320 | D:4      | Gained mutation: You are completely covered in slimy green
                  | scales. (AC +4, rPois) [demonic ancestry]
  2320 | D:4      | Reached XP level 8. HP: 53/58 MP: 8/8
  2442 | D:4      | Noticed Natasha
  2451 | D:4      | Killed Natasha
  2470 | D:4      | Noticed Natasha
  2478 | D:4      | Killed Natasha
  2621 | D:4      | Reached skill level 8 in Maces & Flails
  2625 | D:4      | Noticed Duvessa
  2625 | D:4      | Noticed Dowan
  2633 | D:4      | Killed Dowan
  2640 | D:4      | Killed Duvessa
  2840 | D:5      | Entered Level 5 of the Dungeon
  3125 | D:5      | Reached skill level 9 in Maces & Flails
  3131 | D:5      | Gained mutation: You have sharp fingernails. [demonic
                  | ancestry]
  3131 | D:5      | Reached XP level 9. HP: 62/65 MP: 9/9
  3665 | D:5      | Found a large runed translucent door.
  3665 | D:5      | Found a large runed translucent door.
  3666 | D:5      | Found a shimmering altar of Xom.
  4200 | D:6      | Found Quxuuh's Weapon Shoppe.
  4596 | D:6      | Noticed a +0 dagger
  4597 | D:6      | Noticed a +0 dagger
  4597 | D:6      | Noticed a +0 spear
  4597 | D:6      | Noticed a +0 short sword
  4597 | D:6      | Noticed a +0 short sword
  4597 | D:6      | Noticed a +0 falchion
  4597 | D:6      | Noticed a +0 spear
  4599 | D:6      | Noticed a +0 falchion
  4610 | D:6      | Found a hide-covered altar of Uskayaw.
  5180 | D:7      | Found a staircase to the Ecumenical Temple.
  5217 | Temple   | Entered the Ecumenical Temple
  5288 | Temple   | Became a worshipper of Warmaster Okawaru
  5311 | D:7      | Noticed Maggie
  5327 | D:7      | Killed Maggie
  5328 | D:7      | Reached skill level 10 in Maces & Flails
  5696 | D:7      | Found an ancient bone altar of Kikubaaqudgha.
  5735 | D:7      | Reached skill level 5 in Fighting
  5758 | D:7      | Reached * piety under Okawaru
  5948 | D:8      | Noticed an elephant
  5969 | D:8      | Killed an elephant
  5970 | D:8      | Reached XP level 10. HP: 74/74 MP: 10/10
  5995 | D:8      | Found a stormy altar of Qazlal.
  6024 | D:8      | Reached ** piety under Okawaru
  6030 | D:8      | Noticed an elephant
  6037 | D:8      | Killed an elephant
  6038 | D:8      | Reached skill level 11 in Maces & Flails
  6295 | D:8      | Reached *** piety under Okawaru
  6394 | D:8      | Noticed an elephant
  6403 | D:8      | Killed an elephant
  6404 | D:8      | Reached skill level 5 in Dodging
  6564 | D:8      | Noticed an elephant
  6575 | D:8      | Killed an elephant
  6998 | D:9      | Noticed a two-headed ogre
  7012 | D:9      | Killed a two-headed ogre
  7013 | D:9      | Reached skill level 12 in Maces & Flails
  7078 | D:9      | Reached **** piety under Okawaru
  7081 | D:9      | Found a staircase to the Lair.
  7091 | D:9      | Reached XP level 11. HP: 78/83 MP: 11/11
  7216 | D:9      | Found a radiant altar of Vehumet.
  7221 | D:9      | Noticed a two-headed ogre
  7238 | D:9      | Killed a two-headed ogre
  7239 | D:9      | Reached skill level 5 in Armour
  7544 | D:9      | Received a gift from Okawaru
  7585 | D:10     | Entered Level 10 of the Dungeon
  7766 | D:10     | Reached skill level 1 in Shields
  7785 | D:10     | Noticed Sonja
  7799 | D:10     | Killed Sonja
  7800 | D:10     | Reached skill level 1 in Invocations
  7877 | D:10     | Reached ***** piety under Okawaru
  8013 | D:10     | Found a shimmering blue altar of Sif Muna.
  8299 | D:11     | Received a gift from Okawaru
  8522 | D:11     | Reached skill level 13 in Maces & Flails
  8794 | D:12     | Noticed Jorgrun
  8821 | D:12     | Killed Jorgrun
  8821 | D:12     | Received a gift from Okawaru
  8822 | D:12     | Gained mutation: You have very sharp fingernails. [demonic
                  | ancestry]
  8822 | D:12     | Reached XP level 12. HP: 50/91 MP: 12/14
  8921 | D:12     | Found a staircase to the Orcish Mines.
  9618 | D:12     | Noticed a two-headed ogre
  9625 | D:12     | Killed a two-headed ogre
  9626 | D:12     | Reached skill level 5 in Invocations
 10255 | D:13     | Reached ****** piety under Okawaru
 10269 | D:13     | Noticed a ghoul
 10440 | Lair:1   | Entered Level 1 of the Lair of Beasts
 10525 | Lair:1   | Found a dark tunnel.
 10530 | Volcano  | Entered a volcano
 10552 | Volcano  | Noticed a two-headed ogre
 10552 | Volcano  | Noticed a two-headed ogre
 10556 | Volcano  | Received a gift from Okawaru
 10562 | Volcano  | Engulfed by a cloud of flame

Illustrated notes

Levels and vault maps discovered:
D:1:      wander_arrival_estate, layout_loops_ring,
          hellmonk_ecumenical_altar_blasted
D:2:      layout_loops_ring, uniq_robin, uniq_terence, uniq_sigmund
D:3:      layout_rooms, amcnicky_altar_gilded, grunt_gozag_breadcrumbs,
          nicolae_overflow_crystal_walls, ebering_dispersal_statue_hall
D:4:      cheibrodos_barr_body, layout_loops_ring, uniq_eustachio, uniq_grinder,
          uniq_natasha, uniq_duvessa
D:5:      due_chaos_kobolds, layout_basic
D:6:      layout_basic, nicolae_uskayaw_en_pointe, serial_shops,
          nicolae_shop_behind_doors, hangedman_decor_opposing,
          grunt_ministairs_5, lightli_orcish_oven
D:7:      layout_cave_pools, lemuel_mausoleum_altar_kikubaaqudgha,
          minmay_temple_entry_waves, uniq_maggie
D:8:      wad_woods_stonehenge, layout_cave_pods, tso_oasis_becter,
          minmay_alternating_orb
D:9:      layout_cave_pools, lemuel_tele_altar, erik_lair_orcish_takeover,
          item_on_display_a
D:10:     layout_roguey, tgw_sif, uniq_sonja
D:11:     layout_gridville
D:12:     layout_gridville, zombieorc2_lemuel, grunt_ministairs_15, uniq_jorgrun
D:13:     layout_basic, serial_undead, serial_undead_d, serial_undead_d,
          serial_undead_f, serial_undead_b, moated_statue
Temple:   eino_temple_water
Lair:1:   layout_layer_cave, nicolae_volcano_entry_lava_flow, lemuel_fruit_tree
Volcano:  volcano_village

Skill      XL: |  1  2  3  4  5  6  7  8  9 10 11 12 |
---------------+-------------------------------------+-----
Maces & Flails | 3 4 5 6 7 9 10 12 13 | 13.7
Dodging        | 3 4 5 6 |  6.3
Armour         | 1 2 3 4 6 7 |  7.0
Fighting       | 3 4 5 6 7 |  7.7
Stealth        | 1 2 3 4 |  4.5
Shields        | 3 4 |  4.7
Invocations    | 3 6 |  6.0
Throwing       | |  1.9
Evocations     | |  0.5

Action                   |  1- 3 |  4- 6 |  7- 9 | 10-12 || total
-------------------------+-------+-------+-------+-------++-------
Melee: Flail             |   117 |    80 |   315 |   524 ||  1036
Invok: Heroism           |       |       |       |     2 ||     2
Evoke: Wand              |       |       |     1 |     5 ||     6
  Use: Scroll            |     3 |     5 |     5 |    10 ||    23
       Potion            |       |     5 |     1 |     1 ||     7
 Stab: Sleeping          |     1 |     1 |     7 |     1 ||    10
       Distracted        |       |       |     2 |     1 ||     3
Armor: Leather armour    |    43 |    17 |    70 |       ||   130
       Swamp dragon scal |       |       |    29 |   219 ||   248
Dodge: Dodged            |    87 |    42 |   153 |   228 ||   510
Block: Kite shield       |       |       |       |   198 ||   198

Table legend: (Time is in decaauts)
 A = Elapsed time spent in this place.
 B = Non-inter-level travel time spent in this place.
 C = Inter-level travel time spent in this place.
 D = Time resting spent in this place.
 E = Time spent auto-exploring this place.
 F = Levels seen in this place.
 G = Mean time per level.
                   A        B        C        D        E       F      G
               +--------+--------+--------+--------+--------+-----+--------+
         Total |  10565 |  10191 |    374 |    851 |   6138 |  16 |  660.3 |
       Dungeon |  10363 |   9999 |    364 |    840 |   6130 |  13 |  797.2 |
        Temple |     81 |     71 |     10 |      0 |      8 |   1 |   81.0 |
          Lair |     89 |     89 |      0 |     11 |      0 |   1 |   89.0 |
       Volcano |     31 |     31 |      0 |      0 |      0 |   1 |   31.0 |
               +--------+--------+--------+--------+--------+-----+--------+

Top non-repeatable levels by time:
     D:6: 1188 daAuts
    D:12: 1123 daAuts
     D:5: 1043 daAuts
     D:8: 1032 daAuts
     D:4: 874 daAuts
     D:2: 812 daAuts
     D:7: 766 daAuts
    D:10: 698 daAuts
     D:1: 679 daAuts
     D:9: 597 daAuts
    D:11: 573 daAuts
     D:3: 506 daAuts
    D:13: 468 daAuts
  Lair:1: 89 daAuts
  Temple: 81 daAuts
